 Dungeon Crawl Stone Soup version 0.24.1-8-ga250c9d538 (webtiles) character file.

Game seed: 1292230446655386236, levelgen mode: deterministic

184 Masnef the Chopper (level 5, -2/41 HPs)
             Began as a Formicid Fighter on Apr 30, 2020.
             Killed by divine providence
             ... invoked by an orc priest
              (11 damage)
             ... on level 3 of the Dungeon.
             The game lasted 00:04:39 (2187 turns).

Masnef the Chopper (Formicid Fighter)               Turns: 2187, Time: 00:04:39

Health: -2/41      AC:  8    Str: 18 (20) XL:     5   Next: 95%
Magic:  5/5        EV:  7    Int:  8 (9)  God:
Gold:   118        SH:  9    Dex:  9 (10) Spells: 4/4 levels left

rFire    . . .     SeeInvis +   a - +0 war axe
rCold    . . .     Gourm    .   c - +0 shield
rNeg     . . .     Faith    .   b - +0 scale mail
rPois    .         Spirit   .   (helmet unavailable)
rElec    .         Reflect  .   (no cloak)
rCorr    .         Harm     .   (no gloves)
MR       .....                  o - +0 pair of boots
Stlth    ..........             (no amulet)
HPRegen  0.13/turn              (no ring)
MPRegen  0.09/turn              (no ring)

@: no status effects
A: permanent stasis, dig shafts and tunnels, four strong arms, antennae 3
a: Dig, Shaft Self


You were on level 3 of the Dungeon.
You were not hungry.

You visited 1 branch of the dungeon, and saw 3 of its levels.

You collected 118 gold pieces.

Inventory:

Hand Weapons
 a - a +0 war axe (weapon)
Armour
 b - a +0 scale mail (worn)
 c - a +0 shield (worn)
 o - a +0 pair of boots (worn)
Jewellery
 p - an uncursed amulet of the acrobat {unknown}
Scrolls
 e - 3 scrolls of magic mapping {unknown}
 h - a scroll of remove curse {unknown}
 j - 4 scrolls of identify {unknown}
 k - a scroll of enchant armour {unknown}
 l - 2 scrolls of amnesia {unknown}
 s - a scroll of fog {unknown}
Potions
 d - 2 potions of might
 g - a potion of ambrosia {unknown}
 i - 2 potions of degeneration
 m - a potion of lignification {unknown}
 n - a potion of agility {unknown}
 q - a potion of brilliance {unknown}
 r - a potion of curing
 t - a potion of heal wounds {unknown}
 u - a potion of haste {unknown}
 v - a potion of cancellation {unknown}
 w - a potion of invisibility
Comestibles
 f - 5 rations
 x - a chunk of flesh


   Skills:
 - Level 3.2 Fighting
 + Level 5.7 Axes
 - Level 3.2 Armour
 - Level 3.6 Shields


You had 4 spell levels left.
You didn't know any spells.
Your spell library was empty.

Dungeon Overview and Level Annotations

Branches:
Dungeon (3/15)

Altars:
Trog
Wu Jian


Innate Abilities, Weirdness & Mutations

You cannot be hasted, slowed, berserked, paralysed or teleported.
You can dig through walls and to a lower floor.
Your four strong arms can wield two-handed weapons with a shield.
You have a pair of large antennae on your head. (SInv)


Message History

A rat comes into view.
You block the orc's attack.
You see here a +2 whip of electrocution.
You hit the orc.
The orc is moderately wounded.
The orc priest invokes the aid of Beogh against you.
Beogh smites you!
* * * LOW HITPOINT WARNING * * *
The rat twitches its whiskers.
You block the orc's attack.
It was a potion of degeneration.
There was something very wrong with that liquid.
You feel weakened.
You feel dopey.
You feel clumsy. The orc hits you.
* * * LOW HITPOINT WARNING * * *
You block the orc priest's attack.
It was a potion of curing.
You feel better. The orc barely misses you.
The orc priest invokes the aid of Beogh against you.
Beogh smites you!
You die...

#.....# #.#....#.#
##
#.....###.#.#..#.#
#...........#.##..
#......##.###.###..
#......##.###.###
#................
#...........#....
#.......$...# ..
######..@[..#
#.oo#### #.... #
#..... # #..r..# .#
# ....... #.# #
#.......# ##.###
#........ .......
###.#.#


You could see an orc priest, an orc and a rat.

Vanquished Creatures
  A howler monkey (D:3)
  Robin (D:2)
  3 adders (D:2)
  A shadow imp (D:3)
  An ooze (D:1)
  A worm (D:2)
  A dart slug (D:1)
  3 leopard geckos (D:2)
  4 orcs (D:3)
  4 giant cockroaches
  13 goblins
  11 hobgoblins
  9 jackals
  A quokka (D:2)
  6 bats
  3 frilled lizards
  8 kobolds
  7 rats
78 creatures vanquished.

Notes
Turn   | Place    | Note
-------+----------+-------------------------------------------
     0 | D:1      | Masnef the Formicid Fighter began the quest for the Orb.
     0 | D:1      | Reached XP level 1. HP: 18/18 MP: 1/1
    60 | D:1      | Reached XP level 2. HP: 13/24 MP: 2/2
   322 | D:1      | Reached skill level 3 in Axes
   466 | D:1      | Reached XP level 3. HP: 29/29 MP: 3/3
  1291 | D:2      | Reached skill level 4 in Axes
  1291 | D:2      | Reached XP level 4. HP: 34/35 MP: 4/4
  1499 | D:2      | Noticed Robin
  1504 | D:2      | Killed Robin
  1727 | D:2      | Reached XP level 5. HP: 38/41 MP: 5/5
  1799 | D:2      | Reached skill level 5 in Axes
  1806 | D:2      | Found an ornate altar of the Wu Jian Council.
  1915 | D:3      | Found a bloodstained altar of Trog.
  2186 | D:3      | HP: 2/41 [orc (1)]
  2187 | D:3      | Killed from afar by an orc priest

Levels and vault maps discovered:
D:1:      nicolae_arrival_washed_ashore, layout_basic
D:2:      layout_basic, marbit_many_paths, uniq_robin
D:3:      layout_rooms, bloody_trog

Skill      XL: |  1  2  3  4  5 |
---------------+----------------+-----
Axes           | 3 4 5 |  5.7
Fighting       | |  3.2
Armour         | |  3.2
Shields        | |  3.6

Action                   |  1- 3 |  4- 6 || total
-------------------------+-------+-------++-------
Melee: War axe           |   119 |   118 ||   237
  Use: Potion            |       |     2 ||     2
  Eat: Chunk             |     1 |     4 ||     5
Armor: Scale mail        |    65 |    51 ||   116
Dodge: Dodged            |    45 |    30 ||    75
Block: Shield            |    65 |    56 ||   121
